AoeStats
← tarepo

Arena

508705315Analyzed
1v1 RM · 7d ago on Sep 23, 2026· 34m 38s· 2 players
Game mode
Random Map
Map size
Tiny (2 player)
Population
200
Speed
Normal
Resources
Standard
Victory
Conquest
Starting age
Dark Age
Ending age
Imperial Age
RankedLock teamsTeams togetherTeam positionsShared explorationLock speedFull tech treeHidden civsTurbo modeCheats
Victory
Defeat
🇨🇭 Spanish · Switzerland
397
+12
🇩🇰 Khmer · Denmark
309
-12
Rammer
0:36 Loom
12:05 Feudal Age
12:40 Gold Mining
13:36 Wheelbarrow
12:47 Town Watch
13:51 Stone Mining
13:51 Double-Bit Axe
15:56 Horse Collar
24:57 Castle Age
23:20 Arson
26:07 Heavy Plow
26:21 Bow Saw
29:34 Imperial Age
26:36 Elite Skirmisher
27:29 Padded Archer Armor
27:36 Fletching
28:22 Forging
29:25 Murder Holes
29:35 Scale Mail Armor
29:51 Leather Archer Armor
29:31 Pikeman
30:37 Scale Barding Armor
31:53 Gold Shaft Mining
32:06 Crop Rotation
32:23 Chain Mail Armor
33:21 Bodkin Arrow
33:42 Masonry
35:45 Iron Casting
tarepo
11:23 Feudal Age
16:53 Castle Age
15:16 Double-Bit Axe
15:14 Horse Collar
15:41 Gold Mining
16:35 Stone Mining
17:27 Wheelbarrow
18:41 Pikeman
19:22 Squires
20:32 Bow Saw
22:28 Loom
23:01 Hand Cart
24:01 Scale Mail Armor
25:41 Stone Shaft Mining
29:31 Imperial Age
27:07 Heavy Plow
27:15 Scale Barding Armor
28:01 Town Watch
28:28 Forging
30:02 Bloodlines
29:52 Husbandry
31:00 Town Patrol
32:37 Two-Man Saw
32:03 Conscription
31:12 Cavalier
34:09 Chemistry
33:20 Masonry
33:57 Chain Barding Armor
34:04 Fortified Wall
35:34 Plate Barding Armor
35:35 Iron Casting
Connection lost

Rejoining the realm…

Still unreachable

The connection could not be restored.

Session expired

The server has moved on; the page needs a fresh start.